 Dungeon Crawl Stone Soup version 0.23.2-1-ga50397a (webtiles) character file.

Game seed: 11036749723423569214

123 goulibeur the Skirmisher (level 4, -1/40 HPs)
             Began as a Draconian Berserker on May 24, 2019.
             Was a Believer of Trog.
             Slain by a gnoll
             ... wielding a +0 halberd
              (6 damage)
             ... on level 2 of the Dungeon.
             The game lasted 00:04:05 (1586 turns).

goulibeur the Skirmisher (Draconian Berserker)      Turns: 1586, Time: 00:04:05

Health: -1/40      AC:  6    Str: 19    XL:     4   Next: 79%
Magic:  4/4        EV: 13    Int:  8    God:    Trog [**....]
Gold:   83         SH:  0    Dex: 11    Spells: 3/3 levels left

rFire    . . .     SeeInvis .   a - +0 mace
rCold    . . .     Gourm    .   (no shield)
rNeg     . . .     Faith    .   (armour unavailable)
rPois    .         Spirit   .   (helmet restricted)
rElec    .         Reflect  .   m - +0 cloak
rCorr    .         Harm     .   (no gloves)
MR       .....                  (no boots)
Stlth    +.........             (no amulet)
HPRegen  0.13/turn              (no ring)
MPRegen  0.09/turn              (no ring)

@: no status effects
A: unfitting armour, cold-blooded, AC +5
a: Berserk, Trog's Hand, Renounce Religion


You were on level 2 of the Dungeon.
You worshipped Trog.
Trog was pleased with you.
You were not hungry.

You visited 1 branch of the dungeon, and saw 2 of its levels.

You collected 83 gold pieces.

Inventory:

Hand Weapons
 a - a +0 mace (weapon)
Missiles
 n - 5 javelins (quivered)
Armour
 m - a +0 cloak (worn)
Scrolls
 d - 4 scrolls of teleportation {unknown}
 e - 2 scrolls of remove curse {unknown}
 f - a scroll of magic mapping {unknown}
 g - a scroll of identify {unknown}
 j - a scroll of amnesia {unknown}
Potions
 h - a potion of curing {unknown}
 i - a potion of invisibility {unknown}
 k - a potion of might {unknown}
 l - a potion of cancellation {unknown}
 o - a potion of haste {unknown}
Comestibles
 b - 5 rations
 c - 13 chunks of flesh


   Skills:
 + Level 4.1 Fighting
 + Level 3.8 Maces & Flails
 + Level 1.7 Throwing
 + Level 3.4 Dodging


You had 3 spell levels left.
You didn't know any spells.
Your spell library was empty.

Dungeon Overview and Level Annotations

Branches:
Dungeon (2/15)

Altars:


Innate Abilities, Weirdness & Mutations

Your plain brown scales are hard. (AC +5)
You cannot fit into any form of body armour.
You are cold-blooded and may be slowed by cold attacks.


Message History

You thump the gnoll!
Your tail-slap misses the gnoll.
The gnoll is almost dead.
The gnoll hits you but does no damage. The gnoll misses you.
You hit the gnoll but do no damage.
The gnoll is almost dead.
The gnoll hits you!
The gnoll hits you from afar with a +0 halberd.
You sock the gnoll!
You kill the gnoll!
Trog accepts your kill.
The gnoll hits you from afar with a +0 halberd!
* * * LOW HITPOINT WARNING * * *
You see here a throwing net.
You hit the gnoll but do no damage. The gnoll closely misses you.
You hit the gnoll.
The gnoll is lightly wounded.
The gnoll hits you with a +0 halberd!
* * * LOW HITPOINT WARNING * * *
The gnoll hits you with a +0 halberd.
You die...

#### ≈≈≈ ..##### ≈....
... #g# #@#
#.#########)#
.......#.##.#
#.#.........#####.
#.#.#.............# #.
#.#.#.#.........≈≈≈
#.##...#.##....##..≈.c
#.##...#.....#(....≈≈≈
#.##.).#..........#..#


You could see a gnoll.

Vanquished Creatures
  3 gnolls (D:2)
  3 adders (D:2)
  An ooze (D:2)
  2 worms (D:2)
  3 leopard geckos
  A ball python (D:1)
  9 goblins
  6 hobgoblins
  4 jackals (D:1)
  3 quokkas (D:2)
  7 bats
  2 frilled lizards
  5 kobolds (D:1)
  4 rats
53 creatures vanquished.

Notes
Turn   | Place    | Note
-------+----------+-------------------------------------------
     0 | D:1      | goulibeur the Draconian Berserker began the quest for the
                  | Orb.
     0 | D:1      | Reached XP level 1. HP: 19/19 MP: 1/1
   267 | D:1      | Reached XP level 2. HP: 26/26 MP: 2/2
   842 | D:1      | Reached XP level 3. HP: 33/33 MP: 3/3
   847 | D:1      | Reached skill level 1 in Throwing
  1111 | D:2      | Reached ** piety under Trog
  1381 | D:2      | Reached XP level 4. HP: 38/40 MP: 4/4
  1441 | D:2      | Reached skill level 4 in Fighting
  1570 | D:2      | Noticed a centaur
  1586 | D:2      | Slain by a gnoll

Skill      XL: |  1  2  3  4 |
---------------+-------------+-----
Dodging        | 3 |  3.4
Throwing       | 1 |  1.7
Fighting       | 4 |  4.1
Maces & Flails | |  3.8

Action                   |  1- 3 |  4- 6 || total
-------------------------+-------+-------++-------
Melee: Mace              |   106 |    43 ||   149
       Tailslap          |    12 |     4 ||    16
  Eat: Chunk             |     2 |       ||     2
Armor: Skin              |    44 |    11 ||    55
Dodge: Dodged            |   111 |    35 ||   146
